AoeStats
← GhostyStar1527

Arena

508572997Analyzed
4v4 RM · 9d ago on Sep 23, 2026· 58m 6s· 8 players
Game mode
Random Map
Map size
Large (8 player)
Population
200
Speed
Normal
Resources
Standard
Victory
Conquest
Starting age
Dark Age
Ending age
Imperial Age
RankedLock teamsTeams togetherTeam positionsShared explorationLock speedFull tech treeHidden civsTurbo modeCheats
Victory
Defeat
🇺🇸 Persians · United States
931
+15
🇺🇸 Turks · United States
922
+15
🇺🇸 Spanish · United States
921
+32
🇺🇸 Varangians · United States
903
+16
🇲🇽 Bohemians · Mexico
932
-15
🇲🇽 Byzantines · Mexico
911
-16
🇲🇽 Varangians · Mexico
904
-15
🇲🇽 Saracens · Mexico
892
-15
cryptomamador
13:03 Feudal Age
12:51 Loom
13:25 Horse Collar
13:33 Double-Bit Axe
20:09 Castle Age
18:19 Gold Mining
19:31 Wheelbarrow
20:10 Padded Archer Armor
20:18 Fletching
21:27 Heavy Plow
22:31 Bow Saw
21:59 Crossbowman
25:01 Gold Shaft Mining
24:30 Bodkin Arrow
25:37 Leather Archer Armor
26:41 Ballistics
28:32 Fervor
28:43 Stone Mining
30:17 Sanctity
29:55 Herbal Medicine
30:31 Hand Cart
31:20 Thumb Ring
32:45 Scale Barding Armor
32:51 Forging
34:40 Husbandry
34:50 Bloodlines
37:26 Imperial Age
35:20 Chain Barding Armor
35:10 Forging
35:17 Forging
36:46 Iron Casting
36:00 Town Watch
39:50 Plate Barding Armor
38:38 Heavy Camel Rider
38:50 Arbalester
39:44 Masonry
40:19 Bimaristan
43:37 Hoardings
43:16 Bracer
44:29 Theocracy
47:15 Blast Furnace
48:34 Fortified Wall
49:17 Light Cavalry
51:33 Ring Archer Armor
54:27 Chemistry
Lechucita27
2:46 Loom
17:21 Feudal Age
23:52 Castle Age
24:26 Bloodlines
24:27 Forging
24:22 Scale Barding Armor
24:18 Double-Bit Axe
25:30 Husbandry
27:20 Fervor
31:01 Iron Casting
30:47 Chain Barding Armor
Daikuangel
10:53 Feudal Age
16:50 Castle Age
15:00 Horse Collar
15:15 Double-Bit Axe
16:54 Wheelbarrow
19:01 Bow Saw
20:24 Gold Mining
22:47 Heavy Plow
28:00 Imperial Age
26:06 Ballistics
25:54 Heavy Plow
26:05 Padded Archer Armor
25:55 Fletching
26:21 Stone Mining
26:04 Elite Skirmisher
27:30 Leather Archer Armor
27:48 Bodkin Arrow
28:44 Hand Cart
30:04 Chemistry
31:18 Two-Man Saw
31:05 Gold Shaft Mining
32:11 Ring Archer Armor
31:41 Bracer
32:07 Thumb Ring
33:32 Greek Fire
33:53 Conscription
37:24 Logistica
38:44 Crop Rotation
39:11 Scale Barding Armor
39:17 Forging
39:45 Stone Shaft Mining
39:36 Logistica
40:49 Chain Barding Armor
41:33 Iron Casting
42:41 Plate Barding Armor
fsiordia
12:52 Feudal Age
17:15 Castle Age
16:57 Forging
17:34 Horse Collar
18:17 Crossbowman
20:10 Double-Bit Axe
20:38 Fletching
21:30 Bow Saw
22:59 Ballistics
24:19 Wheelbarrow
25:41 Heavy Plow
28:20 Hand Cart
29:20 Squires
35:34 Imperial Age
36:11 Onager
39:56 Wagenburg Tactics
39:32 Elite Hussite Wagon
40:14 Cavalier
40:38 Elite Skirmisher
42:43 Conscription
42:35 Husbandry
42:00 Light Cavalry
42:38 Arbalester
44:33 Elite Hussite Wagon
46:14 Bodkin Arrow
46:19 Padded Archer Armor
46:30 Forging
46:21 Scale Mail Armor
46:27 Scale Barding Armor
51:01 Leather Archer Armor
GhostyStar1527
3:19 Loom
11:29 Feudal Age
11:58 Horse Collar
12:08 Double-Bit Axe
13:06 Wheelbarrow
19:57 Castle Age
18:48 Stone Mining
21:10 Heavy Plow
21:24 Bow Saw
21:43 Hand Cart
22:45 Stone Shaft Mining
26:34 Forging
27:27 Scale Barding Armor
28:47 Chain Barding Armor
29:24 Gold Mining
33:55 Imperial Age
31:17 Elite Skirmisher
32:49 Fletching
33:00 Padded Archer Armor
33:39 Iron Casting
33:34 Gambesons
33:51 Squires
34:05 Elite Varangian Guard
34:13 Gothikon
35:51 Plate Barding Armor
37:51 Bodkin Arrow
38:12 Leather Archer Armor
39:44 Elite Jarl
43:39 Blast Furnace
42:40 Scale Mail Armor
Duwart
10:46 Feudal Age
9:01 Loom
11:11 Double-Bit Axe
11:07 Horse Collar
19:36 Castle Age
17:37 Stone Mining
17:53 Gold Mining
23:20 Gold Shaft Mining
26:27 Imperial Age
24:19 Bow Saw
25:28 Heavy Plow
28:25 Artillery
29:44 Elite Janissary
31:14 Wheelbarrow
35:36 Padded Archer Armor
35:27 Fletching
37:18 Fortified Wall
38:28 Hand Cart
37:59 Town Watch
40:54 Leather Archer Armor
40:34 Bodkin Arrow
43:31 Ballistics
43:46 Ring Archer Armor
43:27 Bracer
47:30 Caravan
GarageDoor
0:46 Loom
11:20 Feudal Age
12:09 Double-Bit Axe
20:33 Castle Age
18:39 Horse Collar
19:26 Padded Archer Armor
22:14 Gold Mining
22:53 Leather Archer Armor
22:59 Heavy Plow
26:41 Caravan
28:55 Bow Saw
31:56 Wheelbarrow
35:24 Imperial Age
37:49 Ring Archer Armor
39:30 Elite Conquistador
42:28 Bloodlines
42:21 Husbandry
43:34 Hand Cart
52:10 Two-Man Saw
SuperGrizzly221
9:17 Feudal Age
9:55 Double-Bit Axe
16:06 Castle Age
13:53 Loom
13:58 Horse Collar
19:07 Bow Saw
19:32 Gold Mining
20:38 Heavy Plow
22:23 Town Watch
25:56 Scale Barding Armor
26:04 Forging
28:53 Chain Barding Armor
30:46 Iron Casting
30:19 Husbandry
37:00 Wheelbarrow
37:01 Caravan
38:08 Bloodlines
38:37 Squires
38:02 Pikeman
42:41 Imperial Age
43:02 Hand Cart
42:47 Town Patrol
42:44 Fletching
42:55 Padded Archer Armor
43:31 Cavalier
46:12 Conscription
46:29 Hoardings
46:43 Savar
48:39 Crop Rotation
49:30 Two-Man Saw
50:22 Chemistry
49:43 Ballistics
49:19 Murder Holes
49:35 Masonry
52:00 Plate Barding Armor
52:42 Blast Furnace
Connection lost

Rejoining the realm…

Still unreachable

The connection could not be restored.

Session expired

The server has moved on; the page needs a fresh start.